 Dungeon Crawl Stone Soup version 0.30.0-30-g96aa6591b8 (webtiles) character file.

Game seed: 6179498967277817726

228 croobank the Sneak (level 6, 0/36 HPs)
             Began as an Octopode Fire Elementalist on June 27, 2023.
             Slain by a black bear (4 damage)
             ... on level 4 of the Dungeon.
             The game lasted 00:05:28 (3244 turns).

croobank the Sneak (Octopode Fire Elementalist)     Turns: 3244, Time: 00:05:28

Health: 0/36       AC:  1    Str:  7    XL:     6   Next: 2%
Magic:  4/10       EV: 14    Int: 19    God:
Gold:   78         SH:  0    Dex: 13    Spells: 5/11 levels left

rFire   . . .        d - +0 flail
rCold   . . .        (no shield)
rNeg    . . .        (helmet restricted)
rPois   .            (no amulet)
rElec   .            (no ring)
rCorr   .            (no ring)
SInv    .            (no ring)
Will    .....        (no ring)
Stlth   ++++         (no ring)
HPRegen 0.26/turn    (no ring)
MPRegen 0.12/turn    (no ring)
                     (no ring)

%: no passive effects
@: no status effects
A: almost no armour, amphibious, 8 rings, camouflage 1, gelatinous body 1,
(nimble swimmer 1), tentacles
a: no special abilities


You were on level 4 of the Dungeon.
You visited 1 branch of the dungeon, and saw 4 of its levels.

You collected 134 gold pieces.
You spent 56 gold pieces at shops.

Inventory:

Hand Weapons
 d - a +0 flail (weapon)
 e - a +0 dagger
 h - a +0 morningstar
 j - a +0 spear
 n - a +0 short sword
 r - a +0 war axe
Missiles
 g - 11 poisoned darts
 w - 7 boomerangs
Wands
 m - a wand of iceblast (14)
 t - a wand of charming (16)
Scrolls
 a - a scroll of identify
 b - 2 scrolls of silence
 l - 2 scrolls of noise {unknown}
 p - a scroll of enchant weapon {unknown}
 s - a scroll of enchant armour {unknown}
 u - a scroll of immolation {unknown}
 x - a scroll of fear {unknown}
Potions
 c - a potion of resistance
 f - 2 potions of invisibility
 i - a potion of attraction
 k - a potion of brilliance {unknown}
 o - a potion of heal wounds {unknown}
 q - 2 potions of curing
 v - a potion of mutation {unknown}
 z - a potion of cancellation {unknown}
 A - a potion of degeneration


   Skills:
 + Level 3.2 Dodging
 + Level 4.4 Stealth
 + Level 3.0 Spellcasting
 + Level 2.6 Conjurations
 + Level 3.9 Fire Magic


You had 5 spell levels left.
You knew the following spells:

 Your Spells              Type           Power      Damage    Failure   Level
a - Foxfire               Conj/Fire      60%        2x1d7     4%          1
b - Scorch                Fire           34%        2d6       4%          2
c - Inner Flame           Hex/Fire       10%        N/A       21%         3

Your spell library contained the following spells:

 Spells                   Type           Power      Damage    Failure   Level
 Volatile Blastmotes      Fire/Tloc      20%        2d11      21%         3
 Flame Wave               Conj/Fire      15%        2d7       36%         4
 Conjure Ball Lightning   Conj/Air       3%         3x3d6     100%        6
 Discord                  Hex            1%         N/A       100%        8
 Disjunction              Tloc           1%         N/A       100%        8


Dungeon Overview and Level Annotations

Branches:
Dungeon (4/15)
 Temple: D:4-7

Altars:
Fedhas
Wu Jian
Xom

Shops:
D:4 !


Innate Abilities, Weirdness & Mutations

You cannot wear most types of armour.
You are amphibious.
You can wear up to eight rings at the same time.
Your skin changes colour to match your surroundings (Stealth+).
Your rubbery body absorbs attacks. (AC +1, EV +1)
((You are camouflaged when in or above water. (Stealth+)))
You have tentacles for arms and can constrict up to eight enemies at once.


Message History

Flames lash the adder.
The adder is moderately wounded.
The adder's fire resistance burns away.
The adder bites you but does no damage.
Casting: Scorch (safe; 4% risk of failure)
Confirm with . or Enter, or press ? or * to list all spells.
Flames lash the adder.
The adder is burned terribly!
The adder is severely wounded.
The adder misses you. x2
Casting: Scorch (safe; 4% risk of failure)
Confirm with . or Enter, or press ? or * to list all spells.
Flames lash the adder.
The adder is burned terribly!
You kill the adder!
You have reached level 6!
You start resting.
Magic restored.
You climb downwards.
The black bear bites you! The black bear closely misses you.
The black bear claws you. The black bear completely misses you.
The black bear claws you. x2
There is a stone staircase leading up, spattered with blood here.
Casting: Scorch (safe; 4% risk of failure)
Confirm with . or Enter, or press ? or * to list all spells.
Flames lash the black bear.
The black bear is moderately wounded.
The black bear's fire resistance burns away.
The black bear bites you. The black bear claws you.
The black bear closely misses you.
Casting: Scorch (safe; 4% risk of failure)
Confirm with . or Enter, or press ? or * to list all spells.
Flames lash the black bear.
The black bear is burned terribly!
The black bear is severely wounded.
The black bear bites you!
* * * LOW HITPOINT WARNING * * *
The black bear claws you but does no damage.
The black bear closely misses you.
Casting: Scorch (safe; 4% risk of failure)
Confirm with . or Enter, or press ? or * to list all spells.
Flames lash the black bear.
The black bear is burned terribly!
The black bear is almost dead.
The black bear bites you.
You die...

.##......#...##
...............
...#.............
#...#............###
.....................
............... .... .
...........h##..# ..
#...#.....@....#
....##.........†...#
.......................
.......................
#..###.#..............
.#....#................
..h.h.#.∩.#.......#..##
#.........#..#..#
#).#......##.#


You could see a black bear (combustible).

Vanquished Creatures
  A water moccasin (D:3)
  A hound (D:3)
  4 adders
  2 dart slugs
  2 orcs
  4 ball pythons
  5 endoplasms
  3 giant cockroaches
  6 goblins
  6 hobgoblins
  4 jackals
  A quokka (D:2)
  A bat (D:1)
  3 frilled lizards
  8 kobolds
  4 rats
55 creatures vanquished.

Vanquished Creatures (others)
  50 foxfires
50 creatures vanquished.

Grand Total: 105 creatures vanquished

Notes
Turn   | Place    | Note
-------+----------+-------------------------------------------
     0 | D:1      | croobank the Octopode Fire Elementalist began the quest for
                  | the Orb.
     0 | D:1      | Reached XP level 1. HP: 11/11 MP: 3/3
   236 | D:1      | Reached skill level 3 in Stealth
   236 | D:1      | Reached XP level 2. HP: 17/17 MP: 1/5
   240 | D:1      | Learned a level 2 spell: Scorch
  1225 | D:2      | Reached XP level 3. HP: 17/21 MP: 1/6
  1229 | D:2      | Learned a level 3 spell: Inner Flame
  1449 | D:2      | Found a shimmering altar of Xom.
  1995 | D:3      | Found an ornate altar of the Wu Jian Council.
  1995 | D:3      | Found a blossoming altar of Fedhas.
  2426 | D:3      | Reached XP level 4. HP: 27/27 MP: 7/7
  2780 | D:4      | Noticed a water moccasin
  2780 | D:4      | Found Ytel's Distillery.
  2789 | D:3      | Killed a water moccasin
  2790 | D:3      | Reached skill level 4 in Stealth
  2790 | D:3      | Reached XP level 5. HP: 21/31 MP: 5/9
  3134 | D:4      | Bought a potion of curing for 42 gold pieces
  3134 | D:4      | Bought a potion of degeneration for 14 gold pieces
  3146 | D:4      | Noticed a black bear
  3160 | D:3      | Reached XP level 6. HP: 36/36 MP: 0/10
  3244 | D:4      | Slain by a black bear

Illustrated notes

Levels and vault maps discovered:
D:1:      spicycebolla_arrival_clurvy, layout_basic
D:2:      layout_basic, basic_altar
D:3:      layout_loops_corners, mainiacjoe_overflow_divided_tiny
D:4:      layout_cave_pools, nicolae_overflow_hidden_temple, serial_shops,
          nicolae_shop_stone

Skill      XL: |  1  2  3  4 |
---------------+-------------+-----
Stealth        | 3 4 |  4.4
Conjurations   | 2 |  2.6
Dodging        | 3 |  3.2
Spellcasting   | 3 |  3.0
Fire Magic     | |  3.9

Action                     |  1- 3 |  4- 6 || total
---------------------------+-------+-------++-------
  Melee: Unarmed           |     2 |       ||     2
         Flail             |    42 |    12 ||    54
         Constrict         |    13 |     3 ||    16
         Tentacles         |     5 |     2 ||     7
   Cast: Foxfire           |    16 |    11 ||    27
         Scorch            |     8 |    16 ||    24
    Use: Scroll            |     4 |       ||     4
         Potion            |       |     1 ||     1
   Stab: Sleeping          |     8 |       ||     8
 Armour: Skin              |     5 |     5 ||    10
  Dodge: Dodged            |    32 |    37 ||    69
